 Dungeon Crawl Stone Soup version 0.31.0-32-g396128a36d (webtiles) character file.

Game seed: 11004826865650158240

13048 ChadusMaximus the Convoker (level 12, -3/72 HPs)
             Began as a Barachi Summoner on Mar 12, 2024.
             Was an Elder of Hepliaklqana.
             Killed by divine providence
             ... invoked by an orc priest
              (11 damage)
             ... on level 1 of the Orcish Mines.
             The game lasted 00:17:40 (12088 turns).

ChadusMaximus the Convoker (Barachi Summoner)      Turns: 12088, Time: 00:17:44

Health: -3/72      AC: 12    Str: 14    XL:     12   Next: 1%
Magic:  23/36      EV: 11    Int: 32    God:    Hepliaklqana [****..]
Gold:   825        SH:  0    Dex:  8    Spells: 19/33 levels left

rFire   . . .        K - +1 war axe of Welfare {freeze, rPois Will+ Int+5 Dex-5}
rCold   + . .        (no shield)
rNeg    . . .        D - +2 leather armour of the Taurataur {rElec rC+ SInv}
rPois   +            C - +0 helmet
rElec   +            t - +2 cloak
rCorr   .            v - +2 pair of gloves "Goopitui" {Str+5}
SInv    +            (no boots)
Will    +....        (no amulet)
Stlth   +            w - ring of magical power
HPRegen 0.32/turn    O - +6 ring of intelligence
MPRegen 0.25/turn

%: no passive effects
@: unable to hop, slow
A: reduced essence, amphibious, slowness 1, strong legs 1, +LOS
a: Hop, Renounce Religion, Recall Ancestor, Ancestor Identity, Transference,
Idealise


You were on level 1 of the Orcish Mines.
You worshipped Hepliaklqana.
Hepliaklqana was greatly pleased with you.
You visited 2 branches of the dungeon, and saw 13 of its levels.

You collected 825 gold pieces.

Inventory:

Hand Weapons
 c - a +0 club
 d - a +0 whip
 g - a +0 trident
 A - a +2 orcbow of freezing
 K - the +1 war axe of Welfare (weapon) {freeze, rPois Will+ Int+5 Dex-5}
   (You found it on level 10 of the Dungeon)

   Int+5:     It affects your intelligence (+5).
   Dex-5:     It affects your dexterity (-5).
   rPois:     It protects you from poison Will+: It increases your willpower.
Missiles
 F - 4 throwing nets
Armour
 t - a +2 cloak (worn)
 v - the +2 pair of gloves "Goopitui" (worn) {Str+5}
   (You found it on level 4 of the Dungeon)

   Str+5:     It affects your strength (+5).
 C - a +0 helmet (worn)
 D - the +2 leather armour of the Taurataur (worn) {rElec rC+ SInv}
   (You found it on level 6 of the Dungeon)

   rC+:       It protects you from cold.
   rElec:     It insulates you from electricity.
   SInv:      It lets you see invisible.
 J - +0 steam dragon scales
Jewellery
 w - a ring of magical power (left hand)
 O - a +6 ring of intelligence (right hand)
Wands
 y - a wand of polymorph (10)
 E - a wand of flame (38)
 H - a wand of mindburst (5)
 L - a wand of roots (11)
Scrolls
 a - a scroll of immolation {unknown}
 i - 8 scrolls of vulnerability {unknown}
 l - 2 scrolls of amnesia {unknown}
 m - 6 scrolls of teleportation {unknown}
 n - 3 scrolls of fog {unknown}
 p - 3 scrolls of poison {unknown}
 q - a scroll of fear {unknown}
 r - 9 scrolls of identify {unknown}
 u - 5 scrolls of noise {unknown}
 G - a scroll of enchant weapon {unknown}
 I - 2 scrolls of revelation {unknown}
 M - 2 scrolls of blinking {unknown}
 N - 2 scrolls of acquirement {unknown}
Potions
 b - 3 potions of magic
 e - 3 potions of haste
 f - 3 potions of brilliance {unknown}
 h - a potion of mutation {unknown}
 j - 2 potions of might {unknown}
 k - a potion of lignification {unknown}
 o - 7 potions of curing
 s - 2 potions of attraction {unknown}
 x - a potion of berserk rage {unknown}
 z - a potion of ambrosia {unknown}
 B - a potion of heal wounds {unknown}
 P - a potion of resistance {unknown}
 Q - a potion of degeneration {unknown}


   Skills:
 * Level 2.9 Fighting
 + Level 2.0 Armour
 + Level 3.0 Dodging
 - Level 1.7 Stealth
 - Level 11.1 Spellcasting
 - Level 18.1 Summonings


You had 19 spell levels left.
You knew the following spells:

 Your Spells              Type           Power      Damage    Failure   Level
a - Summon Small Mammal   Summ           100%       N/A       0%          1
b - Call Canine Familiar  Summ           93%        N/A       0%          3
c - Call Imp              Summ           100%       N/A       0%          2
d - Summon Lightning Spi  Summ/Air       66%        N/A       1%          4
e - Martyr's Knell        Necr/Summ      66%        N/A       1%          4

Your spell library contained the following spells:

 Spells                   Type           Power      Damage    Failure   Level
 Summon Blazeheart Golem  Fire/Summ      66%        N/A       1%          4
 Freeze                   Ice            68%        1d8       3%          1
 Kiss of Death            Conj/Necr      68%        2d10      3%          1
 Magic Dart               Conj           68%        1d6       3%          1
 Necrotise                Necr           68%        1d7       3%          1
 Sandblast                Erth           34%        2d9       3%          1
 Shock                    Conj/Air       68%        1d7       3%          1
 Blink                    Tloc           34%        N/A       4%          2
 Cigotuvi's Dreadful Rot  Necr/Alch/Air  34%        N/A       4%          2
 Lesser Beckoning         Tloc           34%        N/A       4%          2
 Momentum Strike          Conj/Tloc      34%        3d8       4%          2
 Searing Ray              Conj           34%        2d5       4%          2
 Confusing Touch          Hex            17%        N/A       10%         3
 Frozen Ramparts          Ice            34%        1d6       10%         3
 Hailstorm                Conj/Ice       17%        3d6       10%         3
 Passwall                 Erth           17%        N/A       10%         3
 Stone Arrow              Conj/Erth      34%        3d9       10%         3
 Swiftness                Air            17%        N/A       10%         3
 Vampiric Draining        Necr           17%        2d7       10%         3
 Volatile Blastmotes      Fire/Tloc      34%        2d12      10%         3
 Airstrike                Air            8%         2d(2-18)  32%         4
 Anguish                  Hex/Necr       8%         N/A       32%         4
 Brom's Barrelling Bould  Conj/Erth      17%        2d4       32%         4
 Cause Fear               Hex            8%         N/A       32%         4
 Dispel Undead            Necr           17%        3d10      32%         4
 Fulminant Prism          Conj/Alch      8%         3d7       32%         4
 Ignite Poison            Fire/Alch      17%        N/A       32%         4
 Iskenderun's Mystic Bla  Conj/Tloc      17%        2d5       32%         4
 Alistair's Intoxication  Alch           11%        N/A       67%         5
 Borgnjor's Vile Clutch   Necr/Erth      8%         N/A       67%         5
 Curse of Agony           Necr           17%        N/A       67%         5
 Freezing Cloud           Conj/Ice/Air   8%         6-21      67%         5
 Eringya's Noxious Bog    Alch           8%         4d6       99%         6
 Enfeeble                 Hex            8%         N/A       100%        7


Dungeon Overview and Level Annotations

Branches:
Dungeon (11/15)            Temple (0/1) D:7             Orc (2/2) D:11
   Lair: D:8-11         Elf: Orc:2

Altars:
Dithmenos
Hepliaklqana
Makhleb
Vehumet
Wu Jian
Zin

Shops:
D:3 =   D:5 (

Annotations:
D:8 2 transporters, Killerpretzel's ghost, novice OpSh
Orc:2 3 runed translucent doors, Maurice; Nessos


Innate Abilities, Weirdness & Mutations

Your life essence is reduced to manifest your ancestor. (-10% HP)
You are amphibious.
You cover ground slowly.
You can hop short distances.
You have an extended range of vision and can be seen from far away.


Message History

The orc warrior hits your lightning spire with a +0 dire flail!
The orc sorcerer casts a spell.
The orc hits your lightning spire but does no damage.
The orc high priest barely misses your lightning spire.
Maurice the Thief comes into view.
He is wielding a +0 short sword and carrying a wand of flame.
Casting: Summon Small Mammal (safe; 0% risk of failure)
Confirm with . or Enter, or press ? or * to list all spells.
You imbue your familiar with magical energy and its fangs glint viciously.
Your quokka misses the orc priest.
Ilshubani barely misses the orc priest.
Your inugami closely misses the orc warrior.
Your inugami hits the orc warrior.
The orc priest hits you but does no damage.
The orc warrior hits you with a +0 dire flail!!
Your inugami hits the orc warrior.
The orc sorcerer becomes larger for a moment.
The orc warrior closely misses you.
The orc priest calls down the wrath of Beogh upon you.
Beogh smites you!
The orc hits your lightning spire but does no damage.
The orc high priest calls down the wrath of Beogh upon your lightning spire.
Your lightning spire is smitten.
Your quokka barely misses the orc priest.
The orc wizard hits your lightning spire but does no damage.
Your inugami hits the orc warrior!
The orc priest hits you but does no damage.
The orc warrior hits your lightning spire with a +0 dire flail.
The orc warrior hits you with a +0 scimitar!!
* * * LOW HITPOINT WARNING * * *
The orc hits your lightning spire but does no damage.
The orc high priest hits your lightning spire with a +0 war axe.
The orc warrior hits your inugami but does no damage. x2
You climb upwards.
Your summoned allies are left behind.
There is a stone staircase leading down here.
Hop to where?
Press: ? - help, Dir - move target Boing!
Ilshubani completely misses the orc priest.
The orc priest invokes the aid of Beogh against you.
Beogh smites you!
You die...

..........###........#.#
.........###...........###
.........[...............##
.....##..[.......#....>...#
....##...[.......#..R.....#
...####.........#####.....#
....###.....)^[..#........#
....#.##............[....##
................@.)......#
...........#.....)))....##
#.........####....[.[.###
##........# #....o.<.##
#.......## ##.R....##
##.....## ##oo...# ####.##
##...## #.## ##.## ### ###


You could see the friendly Ilshubani the knight, 2 orc warriors and an orc
priest (strong, ally target).

Vanquished Creatures
  3 yaks (D:8)
  An ice beast (D:7)
  2 black bears
  A centaur (D:9)
  2 bullfrogs
  2 scorpions
  2 killer bees
  A gnoll bouda (D:9)
  2 jellies (D:6)
  An orc priest (Orc:1)
  An iguana (D:5)
  6 orc wizards
  3 adders
  A gnoll (D:8)
  A white imp (D:10)
  An ufetubus (D:6)
  A dart slug (D:1)
  17 orcs
  5 ball pythons
  2 endoplasms (D:2)
  3 giant cockroaches (D:1)
  5 goblins
  4 hobgoblins
  2 jackals (D:1)
  5 kobolds
  3 bats
  2 frilled lizards (D:1)
79 creatures vanquished.

Vanquished Creatures (collateral kills)
  A two-headed ogre (D:11)
  Urug (Orc:1)
  4 skeletal warriors (D:11)
  Pikel (D:8)
  A cyclops (D:11)
  Maggie (D:9)
  3 trolls
  A wraith (D:10)
  A shadow (D:9)
  A wyvern (D:11)
  5 yaks
  A warg (Orc:1)
  2 vampire mosquitoes (D:10)
  Edmund (D:5)
  7 orc warriors
  A black bear (D:7)
  3 ice beasts
  A sky beast (D:7)
  2 ogres
  7 centaurs
  A lemure (D:8)
  3 phantoms
  A kobold brigand (D:7)
  2 bullfrogs (D:7)
  A scorpion (D:5)
  3 wights (D:10)
  30 killer bees
  2 electric eels (D:10)
  3 howler monkeys
  4 hounds
  2 jellies (D:5)
  5 orc priests
  Crazy Yiuf (D:7)
  3 iguanas
  11 orc wizards
  6 adders
  7 gnolls
  2 white imps
  An ufetubus (D:6)
  A ribbon worm (D:2)
  28 orcs
  4 endoplasms
  A giant cockroach (D:1)
  3 goblins
  3 hobgoblins
  6 jackals
  A ball python (D:4)
  A bat (D:2)
  2 frilled lizards
  8 kobolds
  3 rats
194 creatures vanquished.

Vanquished Creatures (others)
  4 knights
  3 ancestors
7 creatures vanquished.

Grand Total: 280 creatures vanquished

Notes
Turn   | Place    | Note
-------+----------+-------------------------------------------
     0 | D:1      | ChadusMaximus the Barachi Summoner began the quest for the
                  | Orb.
     0 | D:1      | Reached XP level 1. HP: 13/13 MP: 3/3
   128 | D:1      | Reached skill level 5 in Summonings
   159 | D:1      | Reached XP level 2. HP: 17/19 MP: 5/5
   459 | D:1      | Reached XP level 3. HP: 14/24 MP: 1/7
   471 | D:1      | Learned a level 3 spell: Call Canine Familiar
   474 | D:1      | Learned a level 2 spell: Call Imp
  1125 | D:2      | Reached skill level 6 in Summonings
  1204 | D:2      | Reached XP level 4. HP: 11/30 MP: 8/8
  1285 | D:2      | Found a glowing silver altar of Zin.
  1684 | D:3      | Found a faded altar of an unknown god.
  2025 | D:3      | Reached XP level 5. HP: 34/35 MP: 10/10
  2030 | D:3      | Found Zofrusm's One-of-a-Kind Rings.
  2519 | D:4      | Reached skill level 7 in Summonings
  2521 | D:4      | Identified the +2 pair of gloves "Goopitui" {Str+5}
  2533 | D:4      | Learned a level 4 spell: Summon Lightning Spire
  2997 | D:4      | Found a hazy altar of Hepliaklqana.
  2997 | D:4      | Found a burning altar of Makhleb.
  2998 | D:4      | Found a shadowy altar of Dithmenos.
  3006 | D:4      | Found an ornate altar of the Wu Jian Council.
  3007 | D:4      | Found a radiant altar of Vehumet.
  3018 | D:4      | Reached XP level 6. HP: 34/41 MP: 12/12
  3033 | D:4      | Became a worshipper of Hepliaklqana the Forgotten
  3218 | D:5      | Entered Level 5 of the Dungeon
  3232 | D:5      | Noticed Edmund
  3272 | D:5      | Killed Edmund
  3273 | D:5      | Reached skill level 8 in Summonings
  3515 | D:5      | Reached XP level 7. HP: 40/46 MP: 13/13
  3673 | D:5      | Reached skill level 5 in Spellcasting
  3673 | D:5      | Reached skill level 9 in Summonings
  3800 | D:5      | Found Osutiom's Weapon Boutique.
  3821 | D:5      | Reached XP level 8. HP: 52/52 MP: 16/16
  3932 | D:5      | Reached skill level 10 in Summonings
  4067 | D:5      | Reached * piety under Hepliaklqana
  4652 | D:6      | Reached skill level 11 in Summonings
  5101 | D:6      | Identified the +2 leather armour of the Taurataur {rElec
                  | rC+ SInv}
  5235 | D:6      | Reached XP level 9. HP: 25/51 MP: 19/19
  5414 | D:6      | Reached skill level 12 in Summonings
  5696 | D:6      | Learned a level 4 spell: Martyr's Knell
  6172 | D:7      | Found a runed translucent door.
  6173 | D:7      | Noticed Crazy Yiuf
  6325 | D:7      | Reached skill level 13 in Summonings
  6418 | D:7      | Found a staircase to the Ecumenical Temple.
  6672 | D:7      | Reached ** piety under Hepliaklqana
  6673 | D:7      | Remembered your ancestor Ilshubani as a knight
  6873 | D:7      | Killed Crazy Yiuf
  7033 | D:8      | Noticed Pikel
  7041 | D:8      | Killed Pikel
  7042 | D:8      | Reached skill level 14 in Summonings
  7042 | D:8      | Reached XP level 10. HP: 47/56 MP: 22/22
  7463 | D:8      | Reached skill level 15 in Summonings
  7474 | D:8      | HP: 2/56 [poisoned by a killer bee]
  7649 | D:8      | Noticed Killerpretzel's ghost (novice OpSh)
  7657 | D:8      | Noticed a moth of wrath
  7670 | D:8      | Found a transporter.
  7683 | D:8      | Found a transporter.
  8596 | D:9      | Reached *** piety under Hepliaklqana
  8673 | D:9      | Reached skill level 16 in Summonings
  9408 | D:9      | Noticed Maggie
  9414 | D:9      | Killed Maggie
  9415 | D:9      | Reached XP level 11. HP: 36/61 MP: 22/24
  9600 | D:10     | Entered Level 10 of the Dungeon
  9616 | D:10     | Identified the +1 war axe of Welfare {freeze, rPois Will+
                  | Int+5 Dex-5}
  9634 | D:10     | Reached skill level 10 in Spellcasting
 10095 | D:10     | Identified the +0 robe of the Kraken {+Blink rC+ Int-4
                  | Archmagi}
 10586 | D:10     | Reached **** piety under Hepliaklqana
 10700 | D:11     | Found a staircase to the Orcish Mines.
 10700 | D:11     | Noticed a two-headed ogre
 10711 | D:11     | Killed a two-headed ogre
 10712 | D:11     | Reached skill level 17 in Summonings
 10882 | D:11     | Noticed a skeletal warrior
 10888 | D:11     | Noticed a skeletal warrior
 10892 | D:11     | Noticed a skeletal warrior
 10904 | D:11     | Killed a skeletal warrior
 10910 | D:11     | Killed a skeletal warrior
 10922 | D:11     | Killed a skeletal warrior
 11058 | D:11     | Noticed a skeletal warrior
 11069 | D:11     | Killed a skeletal warrior
 11160 | D:11     | Noticed a cyclops
 11168 | D:11     | Killed a cyclops
 11169 | D:11     | Reached skill level 18 in Summonings
 11512 | Orc:1    | Entered Level 1 of the Orcish Mines
 11770 | Orc:1    | Reached skill level 1 in Fighting
 11820 | Orc:1    | Noticed Urug
 11828 | Orc:1    | Reached skill level 1 in Armour
 11833 | Orc:1    | Killed Urug
 11838 | Orc:1    | Reached XP level 12. HP: 36/72 MP: 15/27
 12080 | Orc:2    | Entered Level 2 of the Orcish Mines
 12080 | Orc:2    | Noticed an orc high priest
 12080 | Orc:2    | Found a runed translucent gate.
 12080 | Orc:2    | Found a runed translucent gate.
 12080 | Orc:2    | Found a runed translucent gate.
 12084 | Orc:2    | Noticed Maurice
 12086 | Orc:2    | Noticed Nessos
 12088 | Orc:1    | Killed from afar by an orc priest

Illustrated notes

Levels and vault maps discovered:
D:1:      dpeg_arrival_windows_large_door, layout_loops_corners, serial_glass,
          glass_columns_b, glass_columns_c
D:2:      layout_rooms, basic_altar, minmay_misc_feat_room
D:3:      layout_rooms, ebering_ecumenical_altar_ruins, kennysheep_minor_cross,
          nicolae_shop_unique_rings, minmay_misc_feat_square
D:4:      layout_cave_pools, grunt_temple_overflow_open, serial_column_ruins,
          column_ruins_hut, column_ruins_hut, column_ruins_columns_straight,
          column_ruins_open_tiny, column_ruins_grid_1, column_ruins_grid_1,
          column_ruins_columns_dead_end
D:5:      layout_loops_ring, serial_shops, shop, uniq_edmund
D:6:      layout_basic, nicolae_elevator_lobby_asterisk
D:7:      layout_basic, minmay_temple_entry_slanted, moated_statue,
          uniq_crazy_yiuf_cottage
D:8:      layout_basic, gammafunk_ghost_berserking_beasts, uniq_pikel
D:9:      layout_basic, uniq_maggie
D:10:     layout_basic
D:11:     layout_basic, david_lair_shrubbed, orc_0_dummy
Orc:1:    layout_diamond_mine, basic_altar, uniq_urug
Orc:2:    st_orc_elflike, layout_caves, ebering_ghost_rock_garden, basic_altar,
          uniq_nessos, uniq_maurice

Skill      XL: |  1  2  3  4  5  6  7  8  9 10 11 12 |
---------------+-------------------------------------+-----
Summonings     | 5 6 7 8 9 11 14 16 18 | 18.1
Spellcasting   | 3 4 5 6 8 9 11 | 11.1
Fighting       | 2 |  2.9
Armour         | 1 2 |  2.0
Dodging        | 3 |  3.0
Stealth        | |  1.7

Action                     |  1- 3 |  4- 6 |  7- 9 | 10-12 || total
---------------------------+-------+-------+-------+-------++-------
  Melee: Whip              |    42 |       |       |       ||    42
         Club              |     6 |       |       |       ||     6
         Unarmed           |     4 |       |       |       ||     4
         Trident           |    31 |   109 |    32 |       ||   172
         Orcbow            |       |       |     4 |       ||     4
         War axe           |       |       |       |    29 ||    29
         Punch             |       |       |       |     1 ||     1
   Fire: Orcbow            |       |       |   134 |   123 ||   257
   Cast: Summon Small Mamm |    11 |     7 |     7 |    10 ||    35
         Call Canine Famil |     3 |    16 |    16 |    28 ||    63
         Call Imp          |     2 |    11 |    19 |    20 ||    52
         Summon Lightning  |       |       |     6 |    45 ||    51
         Martyr's Knell    |       |       |       |    11 ||    11
 Invoke: Ancestor Life: Kn |       |       |     1 |       ||     1
         Recall Ancestor   |       |       |       |     1 ||     1
Ability: Hop               |       |     1 |       |     3 ||     4
    Use: Potion            |       |       |       |     2 ||     2
   Stab: Sleeping          |     1 |     4 |       |       ||     5
         Distracted        |       |     1 |       |       ||     1
 Armour: Robe              |    66 |    83 |    62 |       ||   211
         Leather armour    |       |       |    22 |   216 ||   238
  Dodge: Dodged            |    77 |    63 |    85 |   149 ||   374
